 Dungeon Sprint DCSS version 0.30-a0-305-g026cb31310 (webtiles) character file.

Game seed: 16485998959565565075

462 rocky1 the Nimble (level 7, 0/57 HPs)
             Began as a Djinni Gladiator on Oct 22, 2022.
             Was a Follower of Okawaru.
             Slain by a sky beast (5 damage)
             ... in the Dungeon (Sprint VII: "The Pits").
             The game lasted 00:02:23 (673 turns).

rocky1 the Nimble (Djinni Gladiator)                 Turns: 673, Time: 00:02:24

Health: 0/57       AC: 14    Str: 13    XL:     7   Next: 28%
Gold:   0          EV:  9    Int: 11    God:    Okawaru [*.....] SH:  0 Dex: 15

rFire   + + .      SeeInvis .    l - +1 long sword (holy)
rCold   x . .      Faith    .    (no shield)
rNeg    . . .      Spirit   .    n - +3 chain mail
rPois   ∞          Reflect  .    c - +0 helmet
rElec   .          Harm     .    (no cloak)
rCorr   .          Rampage  .    (no gloves)
Will    .....      NoTele   +    (boots unavailable)
Stlth   ..........               (no amulet)
HPRegen 0.29/turn                (no ring)
MPRegen 0.00/turn                (no ring)

@: flying
A: sickness immunity, fire resistance 2, cold vulnerability 1, float, innate
caster, HP casting, extra vitality 1
a: Renounce Religion, Heroism


You were in the Dungeon.
You worshipped Okawaru.
Okawaru was aware of your devotion.
You visited 1 branch

Inventory:

Hand Weapons
 a - a +0 long sword
 l - a +1 long sword of holy wrath (weapon)
Missiles
 d - 3 throwing nets (quivered)
 e - a javelin
 o - 6 poisoned darts
Armour
 b - a +0 leather armour
 c - a +0 helmet (worn)
 n - a +3 chain mail (worn)
Scrolls
 j - a scroll of blinking
 k - a scroll of summoning
Potions
 f - 6 potions of curing
 g - 2 potions of invisibility
 h - a potion of haste
 i - 2 potions of berserk rage
 m - 5 potions of heal wounds


   Skills:
 + Level 6.3 Fighting
 + Level 8.8 Long Blades
 - Level 2.0 Throwing
 + Level 5.4 Armour
 + Level 9.0 Dodging
 + Level 0.7 Stealth
 + Level 0.4 Invocations


You couldn't memorise any spells.
You knew the following spells:

 Your Spells              Type           Power      Damage    Failure   Level
a - Sting                 Tmut/Pois      0%         1d3       100%        1
b - Scorch                Fire           0%         2d5       100%        2
c - Mephitic Cloud        Conj/Pois/Air  0%         N/A       100%        3
Your spell library was empty.


Dungeon Overview and Level Annotations

Branches:
Dungeon (1/1)

Altars:
Ashenzari
Cheibriados
Dithmenos
Elyvilon
Fedhas
Gozag
Hepliaklqana
Makhleb
Nemelex Xobeh
Okawaru
Qazlal
Ru
Trog
Uskayaw
Wu Jian
Xom
Yredelemnul
Zin
The Shining One
Jiyva
Lugonu


Innate Abilities, Weirdness & Mutations

You are immune to sickness and miasma.
You are immune to poison.
Your flesh is very heat resistant. (rF++)
You are vulnerable to cold. (rC-)
You float through the air rather than walking.
You learn spells naturally, not from books.
Your magical power is your life essence.
You have superior vitality. (+4 MHP)


Message History

The orc priest invokes the aid of Beogh against you.
Beogh smites you!
You closely miss the orc.
The sky beast flickers out of sight!
Deactivating autopickup; reactivate with Ctrl-A.
The orc hits you but does no damage.
You hit the orc but do no damage.
The orc priest invokes the aid of Beogh against you.
Beogh smites you! The orc hits you but does no damage.
You hit the orc.
The orc is moderately wounded.
You hit the orc but do no damage.
The orc is moderately wounded.
The orc barely misses you.
You hit the orc.
The orc is severely wounded.
A sky beast appears from thin air!
Reactivating autopickup.
The orc hits you with a +0 whip.
You hit the orc.
You kill the orc!
Okawaru accepts your kill.
You hit the sky beast.
The sky beast is lightly wounded.
The sky beast hits you. The sky beast shocks you.
* * * LOW HITPOINT WARNING * * *
You hit the sky beast.
The sky beast is moderately wounded.
The sky beast flickers out of sight!
Deactivating autopickup; reactivate with Ctrl-A.
Something hits you but does no damage.
You completely miss something. Something hits you but does no damage.
The orc priest miscasts a cantrip.
You hit something. Something hits you.
* * * LOW HITPOINT WARNING * * *
Something shocks you.
* * * LOW HITPOINT WARNING * * *
You hit something. Your punch misses something. Something hits you.
* * * LOW HITPOINT WARNING * * *
Something shocks you.
You die...

#.#####'#####...<...#
#.#....))[.##.......#
#)#...)))..##.......#
#'###########.......#
#.......#.. #########
#.......#o#
#...#...#o#
#..###..#{#
#...#...#@+
#.......#'#
#.......')#
###########


You could see an orc priest and an orc.

Vanquished Creatures
  Prince Ribbit (D)
  A centaur (D)
  Blork the orc (D)
  A kobold brigand (D)
  A jelly (D)
  An adder (D)
  2 ufetubi (D)
  An adder skeleton (D)
  An orc (D)
  A ball python (D)
  2 hobgoblins (D)
  2 quokkas (D)
  2 kobolds (D)
  A quokka skeleton (D)
  A quokka zombie (D)
19 creatures vanquished.

Notes
Turn   | Place    | Note
-------+----------+-------------------------------------------
     0 | D        | rocky1 the Djinni Gladiator began the quest for the Orb.
     0 | D        | Reached XP level 1. HP: 18/18 MP: 0/0
    31 | D        | Reached skill level 4 in Dodging
    55 | D        | Found a bloodstained altar of Trog.
    55 | D        | Found a viscous altar of Jiyva.
    55 | D        | Found a hazy altar of Hepliaklqana.
    55 | D        | Found an opulent altar of Gozag.
    56 | D        | Found a glowing golden altar of the Shining One.
    56 | D        | Found a glowing silver altar of Zin.
    56 | D        | Found a basalt altar of Yredelemnul.
    56 | D        | Found a shimmering altar of Xom.
    56 | D        | Found an ornate altar of the Wu Jian Council.
    56 | D        | Found a sacrificial altar of Ru.
    56 | D        | Found a stormy altar of Qazlal.
    56 | D        | Found an iron altar of Okawaru.
    56 | D        | Found a sparkling altar of Nemelex Xobeh.
    56 | D        | Found a burning altar of Makhleb.
    56 | D        | Found a blossoming altar of Fedhas.
    56 | D        | Found a white marble altar of Elyvilon.
    56 | D        | Found a shadowy altar of Dithmenos.
    56 | D        | Found a snail-covered altar of Cheibriados.
    58 | D        | Found a corrupted altar of Lugonu.
    59 | D        | Found a hide-covered altar of Uskayaw.
    59 | D        | Found a broken altar of Ashenzari.
    64 | D        | Became a worshipper of Warmaster Okawaru
    83 | D        | Reached XP level 2. HP: 24/24 MP: 0/0
   104 | D        | Reached skill level 1 in Armour
   159 | D        | Reached XP level 3. HP: 29/29 MP: 0/0
   159 | D        | Learned a level 1 spell: Sting
   162 | D        | Noticed Prince Ribbit
   171 | D        | Killed Prince Ribbit
   171 | D        | Reached * piety under Okawaru
   172 | D        | Reached skill level 7 in Dodging
   172 | D        | Reached XP level 4. HP: 13/38 MP: 0/0
   172 | D        | Reached XP level 5. HP: 14/42 MP: 0/0
   172 | D        | Learned a level 2 spell: Scorch
   172 | D        | Reached XP level 6. HP: 16/49 MP: 0/0
   173 | D        | Reached skill level 5 in Fighting
   475 | D        | Noticed Blork the orc
   490 | D        | Reached skill level 8 in Dodging
   495 | D        | Killed Blork the orc
   502 | D        | Reached skill level 5 in Armour
   502 | D        | Reached skill level 9 in Dodging
   502 | D        | Reached XP level 7. HP: 19/56 MP: 0/0
   502 | D        | Learned a level 3 spell: Mephitic Cloud
   673 | D        | Slain by a sky beast

Illustrated notes

Levels and vault maps discovered:
D:        pitsprint [storerooms_1, entrance_room_1, metal_vault_4, armoury_3,
          mini_pit_1, grid_room_1, main_hall_1, silver_pit, the_coven_3,
          the_vestibule_1, steel_vault_2, golden_pit, hallway_of_sentries,
          crystal_vault_4, iron_vault_1, final_vault]

Skill      XL: |  1  2  3  4  5  6 |
---------------+-------------------+-----
Long Blades    | 3 4 7 8 |  8.8
Dodging        | 4 7 9 |  9.0
Armour         | 1 3 5 |  5.4
Throwing       | 2 |  2.0
Fighting       | 4 6 |  6.3
Stealth        | |  0.7
Invocations    | |  0.4

Action                   |  1- 3 |  4- 6 |  7- 9 || total
-------------------------+-------+-------+-------++-------
Melee: Long sword        |    46 |    24 |    22 ||    92
       Punch             |       |     2 |     1 ||     3
Invok: Heroism           |       |     1 |       ||     1
  Use: Potion            |     2 |       |       ||     2
Armor: Leather armour    |    21 |       |       ||    21
       Chain mail        |       |    15 |     9 ||    24
Dodge: Dodged            |    68 |    15 |     3 ||    86

Table legend: (Time is in decaauts)
 A = Elapsed time spent in this place.
 B = Non-inter-level travel time spent in this place.
 C = Inter-level travel time spent in this place.
 D = Time resting spent in this place.
 E = Time spent auto-exploring this place.
 F = Levels seen in this place.
 G = Mean time per level.
                   A        B        C        D        E       F      G
               +--------+--------+--------+--------+--------+-----+--------+
         Total |    688 |    638 |     50 |    402 |      0 |   1 |  688.0 |
       Dungeon |    688 |    638 |     50 |    402 |      0 |   1 |  688.0 |
               +--------+--------+--------+--------+--------+-----+--------+

Top non-repeatable levels by time:
       D: 688 daAuts
